TOP OF THE 1ST |
Bismarck Barons batting - Pitching for San Diego Smashers : LHP John Lawson
|
Pitching: LHP John Lawson
|
|
Batting: RHB Roberto García
|
0-0: Ball 1-0: Foul Ball, location: 2F 1-1: Ball 2-1: Foul Ball, location: 2F 2-2: Ball 3-2: Strikes out swinging
|
Batting: SHB Manuel Hegnauer
|
0-0: Foul Ball, location: 2F 0-1: Foul Ball, location: 2F 0-2: Strikes out looking
|
Batting: LHB Pedro Díaz
|
0-0: Ball 1-0: Foul Ball, location: 2F 1-1: Foul Ball, location: 2F 1-2: Foul Ball, location: 2F 1-2: Ball 2-2: Ball 3-2: Ground out 4-3 (Groundball, 4M)
|
Top of the 1st over - 0 run(s), 0 hit(s), 0 error(s), 0 left on base; Bismarck 0 - San Diego 0 |
BOTTOM OF THE 1ST |
San Diego Smashers batting - Pitching for Bismarck Barons : RHP Orlando Trinidad
|
Pitching: RHP Orlando Trinidad
|
|
Batting: LHB Ramiro Martínez
|
0-0: Ball 1-0: Called Strike 1-1: Foul Ball, location: 2F 1-2: Strikes out looking
|
Batting: SHB Adrián Nieto
|
0-0: Ground out 5-3 (Groundball, 56)
|
Batting: RHB Fred Ameris
|
0-0: Fly out, F9 (Flyball, 9LS)
|
Bottom of the 1st over - 0 run(s), 0 hit(s), 0 error(s), 0 left on base; Bismarck 0 - San Diego 0 |
TOP OF THE 2ND |
Bismarck Barons batting - Pitching for San Diego Smashers : LHP John Lawson
|
Batting: RHB Seiji Kouno
|
0-0: SINGLE (Groundball, 6MD)
|
Batting: LHB Edwin Ryan
|
0-0: Foul Ball, location: 2F 0-1: Swinging Strike 0-2: Ball 1-2: Foul Ball, location: 2F 1-2: Foul Ball, location: 2F 1-2: Ball 2-2: Strikes out swinging
|
Batting: RHB Pancho Torres
|
0-0: Called Strike 0-1: Swinging Strike 0-2: Ball 1-2: Reaches on Catchers interference Seiji Kouno to second
|
Batting: RHB Michael Thomas
|
0-0: Ball 1-0: Called Strike 1-1: Ball 2-1: Called Strike 2-2: Ball 3-2: Base on Balls Seiji Kouno to third Pancho Torres to second
|
Batting: SHB Jeff Chambers
|
0-0: Ball 1-0: Foul Ball, location: 2F 1-1: Called Strike 1-2: Fly out, F9 (Flyball, 9M) Runner from 3rd tags up, SCORES, throw made
|
Batting: LHB Jorge Fernández
|
0-0: Fly out, F8 (Flyball, 8LD)
|
Top of the 2nd over - 1 run(s), 1 hit(s), 1 error(s), 2 left on base; Bismarck 1 - San Diego 0 |
BOTTOM OF THE 2ND |
San Diego Smashers batting - Pitching for Bismarck Barons : RHP Orlando Trinidad
|
Batting: RHB Manuel Muñóz
|
0-0: Ball 1-0: Ball 2-0: Ground out 5-3 (Groundball, 5S)
|
Batting: LHB Ken Phillips
|
0-0: Ball 1-0: SINGLE (Line Drive, 34)
|
Batting: LHB Karl Hill
|
0-0: Called Strike 0-1: Swinging Strike 0-2: Strikes out looking
|
Batting: SHB Chris Woods
|
0-0: Foul Ball, location: 2F 0-1: Foul Ball, location: 2F 0-2: Ball 1-2: Foul Ball, location: 2F 1-2: Fly out, F9 (Line Drive, 89S)
|
Bottom of the 2nd over - 0 run(s), 1 hit(s), 0 error(s), 1 left on base; Bismarck 1 - San Diego 0 |
TOP OF THE 3RD |
Bismarck Barons batting - Pitching for San Diego Smashers : LHP John Lawson
|
Batting: RHB Roberto García
|
0-0: Ball 1-0: DOUBLE (Flyball, 7LD)
|
Batting: SHB Manuel Hegnauer
|
0-0: Ball 1-0: Ball 2-0: Ball 3-0: Called Strike 3-1: Base on Balls
|
Batting: LHB Pedro Díaz
|
0-0: Foul Ball, location: 2F 0-1: Ball 1-1: Fly out, F4 (Popup, 4)
|
Batting: RHB Seiji Kouno
|
0-0: Swinging Strike 0-1: Ball 1-1: 3-RUN HOME RUN (Flyball, 9D), Distance : 375 ft
|
Batting: LHB Edwin Ryan
|
0-0: Ball 1-0: Called Strike 1-1: Swinging Strike 1-2: Strikes out swinging
|
Batting: RHB Pancho Torres
|
0-0: Ball 1-0: Foul Ball, location: 2F 1-1: Foul Ball, location: 2F 1-2: Fly out, F3 (Popup, 3F)
|
Top of the 3rd over - 3 run(s), 2 hit(s), 0 error(s), 0 left on base; Bismarck 4 - San Diego 0 |
BOTTOM OF THE 3RD |
San Diego Smashers batting - Pitching for Bismarck Barons : RHP Orlando Trinidad
|
Batting: LHB Francisco Medina
|
0-0: Ball 1-0: Ball 2-0: Swinging Strike 2-1: Fly out, F4 (Popup, 9LS)
|
Batting: RHB John Nelson
|
0-0: Ball 1-0: Ball 2-0: SINGLE (Flyball, 8RS) - OUT at second base trying to stretch hit.
|
Batting: LHB Ramiro Martínez
|
0-0: Swinging Strike 0-1: Ball 1-1: SINGLE (Groundball, 4MD)
|
Batting: SHB Adrián Nieto
|
0-0: Called Strike 0-1: SINGLE (Line Drive, 56) Ramiro Martínez to second Runner from 2nd tries for 3rd, SAFE, no throw or cutoff
|
Batting: RHB Fred Ameris
|
0-0: Foul Ball, location: 2F 0-1: Ball 1-1: Called Strike 1-2: Fly out, F4 (Popup, 34D)
|
Bottom of the 3rd over - 0 run(s), 3 hit(s), 0 error(s), 2 left on base; Bismarck 4 - San Diego 0 |
TOP OF THE 4TH |
Bismarck Barons batting - Pitching for San Diego Smashers : LHP John Lawson
|
Batting: RHB Michael Thomas
|
0-0: Ground out 6-3 (Groundball, 6)
|
Batting: SHB Jeff Chambers
|
0-0: Foul Ball, location: 2F 0-1: Swinging Strike 0-2: Strikes out swinging
|
Batting: LHB Jorge Fernández
|
0-0: Ball 1-0: Fly out, F8 (Flyball, 8RXD)
|
Top of the 4th over - 0 run(s), 0 hit(s), 0 error(s), 0 left on base; Bismarck 4 - San Diego 0 |
BOTTOM OF THE 4TH |
San Diego Smashers batting - Pitching for Bismarck Barons : RHP Orlando Trinidad
|
Batting: RHB Manuel Muñóz
|
0-0: Ball 1-0: Ground out 5-3 (Groundball, 56S)
|
Batting: LHB Ken Phillips
|
0-0: Called Strike 0-1: Foul Ball, location: 2F 0-2: Ball 1-2: Foul Ball, location: 2F 1-2: Ball 2-2: Ground out 4-3 (Groundball, 4)
|
Batting: LHB Karl Hill
|
0-0: Called Strike 0-1: Ball 1-1: Ball 2-1: Ball 3-1: Foul Ball, location: 2F 3-2: Base on Balls
|
Batting: SHB Chris Woods
|
0-0: Called Strike 0-1: Ball 1-1: Foul Ball, location: 2F 1-2: Foul Ball, location: 2F 1-2: Ball 2-2: Foul Ball, location: 2F 2-2: Ball Karl Hill is caught stealing 2nd base
|
Bottom of the 4th over - 0 run(s), 0 hit(s), 0 error(s), 0 left on base; Bismarck 4 - San Diego 0 |
TOP OF THE 5TH |
Bismarck Barons batting - Pitching for San Diego Smashers : LHP John Lawson
|
Batting: RHB Roberto García
|
0-0: Ball 1-0: Swinging Strike 1-1: Foul Ball, location: 2F 1-2: Foul Ball, location: 2F 1-2: Ball 2-2: Ball 3-2: Foul Ball, location: 2F 3-2: SINGLE (Flyball, 9S)
|
Batting: SHB Manuel Hegnauer
|
0-0: Fly out, F9 (Flyball, 9LD)
|
Batting: LHB Pedro Díaz
|
0-0: Called Strike 0-1: Foul Ball, location: 2F 0-2: DOUBLE (Line Drive, 4D) Roberto García to third
|
Batting: RHB Seiji Kouno
|
0-0: Foul Ball, location: 2F 0-1: Ball 1-1: Called Strike 1-2: SINGLE (Groundball, 6MD) Roberto García scores Pedro Díaz to third
|
Pitching: RHP Cedric Sherston
|
|
Batting: LHB Edwin Ryan
|
0-0: Ball 1-0: Called Strike 1-1: Foul Ball, location: 2F 1-2: Foul Ball, location: 2F 1-2: Ball 2-2: Ball 3-2: Base on Balls Seiji Kouno to second
|
Batting: RHB Pancho Torres
|
0-0: Foul Ball, location: 2F 0-1: Ball 1-1: Foul Ball, location: 2F 1-2: Strikes out swinging
|
Batting: RHB Michael Thomas
|
0-0: Fly out, F6 (Popup, 6)
|
Top of the 5th over - 1 run(s), 3 hit(s), 0 error(s), 3 left on base; Bismarck 5 - San Diego 0 |
BOTTOM OF THE 5TH |
San Diego Smashers batting - Pitching for Bismarck Barons : RHP Orlando Trinidad
|
Batting: SHB Chris Woods
|
0-0: Called Strike 0-1: Ball 1-1: Foul Ball, location: 2F 1-2: Ball 2-2: Strikes out swinging
|
Batting: LHB Francisco Medina
|
0-0: Fly out, F7 (Flyball, 7S)
|
Batting: RHB John Nelson
|
0-0: Called Strike 0-1: Ball Single, Error in OF, E8, batter to second base
|
Batting: LHB Ramiro Martínez
|
0-0: Called Strike 0-1: Ball 1-1: Ball 2-1: Ball 3-1: Fly out, F9 (Flyball, 9LD)
|
Bottom of the 5th over - 0 run(s), 1 hit(s), 1 error(s), 1 left on base; Bismarck 5 - San Diego 0 |
TOP OF THE 6TH |
Bismarck Barons batting - Pitching for San Diego Smashers : RHP Cedric Sherston
|
Batting: SHB Jeff Chambers
|
0-0: Called Strike 0-1: Ball 1-1: Hit by Pitch
|
Batting: LHB Jorge Fernández
|
0-0: Ball 1-0: Grounds into double play, U4-3 (Groundball, 4)
|
Batting: RHB Roberto García
|
0-0: Called Strike 0-1: Foul Ball, location: 2F 0-2: Strikes out swinging
|
Top of the 6th over - 0 run(s), 0 hit(s), 0 error(s), 0 left on base; Bismarck 5 - San Diego 0 |
BOTTOM OF THE 6TH |
San Diego Smashers batting - Pitching for Bismarck Barons : RHP Orlando Trinidad
|
Batting: SHB Adrián Nieto
|
0-0: Swinging Strike 0-1: Ball 1-1: Ground out 3-1 (Groundball, 34)
|
Batting: RHB Fred Ameris
|
0-0: Ball 1-0: Ball 2-0: Ball 3-0: Called Strike 3-1: Base on Balls
|
Batting: RHB Manuel Muñóz
|
0-0: Fly out, F3 (Popup, 3DF)
|
Batting: LHB Ken Phillips
|
0-0: Ball 1-0: Foul Ball, location: 2F 1-1: Swinging Strike 1-2: Ball 2-2: Foul Ball, location: 2F 2-2: Foul Ball, location: 2F 2-2: Strikes out swinging
|
Bottom of the 6th over - 0 run(s), 0 hit(s), 0 error(s), 1 left on base; Bismarck 5 - San Diego 0 |
TOP OF THE 7TH |
Bismarck Barons batting - Pitching for San Diego Smashers : RHP Cedric Sherston
|
Batting: SHB Manuel Hegnauer
|
0-0: Called Strike 0-1: Swinging Strike 0-2: Ball 1-2: Strikes out swinging
|
Pitching: LHP Geoff Williams
|
|
Batting: LHB Pedro Díaz
|
0-0: Ground out 4-3 (Groundball, 4M)
|
Batting: RHB Seiji Kouno
|
0-0: Ball 1-0: Ground out 4-3 (Groundball, 4)
|
Top of the 7th over - 0 run(s), 0 hit(s), 0 error(s), 0 left on base; Bismarck 5 - San Diego 0 |
BOTTOM OF THE 7TH |
San Diego Smashers batting - Pitching for Bismarck Barons : RHP Orlando Trinidad
|
Batting: LHB Karl Hill
|
0-0: Ball 1-0: Ball 2-0: Called Strike 2-1: Ball 3-1: Called Strike 3-2: Foul Ball, location: 2F 3-2: Base on Balls
|
Batting: SHB Chris Woods
|
0-0: Called Strike 0-1: Foul Ball, location: 2F 0-2: Foul Ball, location: 2F 0-2: Grounds into double play, 4-6-3 (Groundball, 4)
|
Batting: LHB Francisco Medina
|
0-0: Ball 1-0: Foul Ball, location: 2F 1-1: Ball 2-1: Foul Ball, location: 2F 2-2: Ground out 4-3 (Groundball, 4)
|
Bottom of the 7th over - 0 run(s), 0 hit(s), 0 error(s), 0 left on base; Bismarck 5 - San Diego 0 |
TOP OF THE 8TH |
Bismarck Barons batting - Pitching for San Diego Smashers : LHP Geoff Williams
|
Batting: LHB Edwin Ryan
|
0-0: Called Strike 0-1: Ball 1-1: Foul Ball, location: 2F 1-2: Foul Ball, location: 2F 1-2: Ball 2-2: Foul Ball, location: 2F 2-2: Strikes out swinging
|
Batting: RHB Pancho Torres
|
0-0: SINGLE (Line Drive, 56)
|
Batting: RHB Michael Thomas
|
0-0: Called Strike 0-1: SINGLE (Line Drive, 89S) Pancho Torres to second
|
Batting: SHB Jeff Chambers
|
0-0: Ball 1-0: Grounds into double play, U4-3 (Groundball, 4M)
|
Top of the 8th over - 0 run(s), 2 hit(s), 0 error(s), 1 left on base; Bismarck 5 - San Diego 0 |
BOTTOM OF THE 8TH |
San Diego Smashers batting - Pitching for Bismarck Barons : RHP Orlando Trinidad
|
Pitching: RHP Armando Torres
|
|
Batting: RHB John Nelson
|
0-0: Called Strike 0-1: Ball 1-1: Ball 2-1: Ball 3-1: Base on Balls
|
Batting: LHB Ramiro Martínez
|
0-0: Called Strike 0-1: SINGLE (Groundball, 56D) John Nelson to second
|
Batting: SHB Adrián Nieto
|
0-0: Called Strike 0-1: Grounds into double play, 4-6-3 (Groundball, 4) John Nelson to third
|
Batting: RHB Fred Ameris
|
0-0: Ball 1-0: Ball 2-0: Ball 3-0: Base on Balls
|
Batting: RHB Manuel Muñóz
|
0-0: Ball 1-0: Ball 2-0: Called Strike 2-1: Called Strike 2-2: Ball 3-2: Base on Balls Fred Ameris to second
|
Pitching: RHP Gene McNeil
|
|
Batting: LHB Ken Phillips
|
0-0: Called Strike 0-1: Ground out 4-3 (Groundball, 4)
|
Bottom of the 8th over - 0 run(s), 1 hit(s), 0 error(s), 3 left on base; Bismarck 5 - San Diego 0 |
TOP OF THE 9TH |
Bismarck Barons batting - Pitching for San Diego Smashers : LHP Geoff Williams
|
Batting: LHB Jorge Fernández
|
0-0: Ball 1-0: SINGLE (Line Drive, 8RS)
|
Batting: RHB Roberto García
|
0-0: Called Strike 0-1: Called Strike 0-2: Fly out, F7 (Flyball, 78S)
|
Batting: SHB Manuel Hegnauer
|
0-0: Ball 1-0: Called Strike 1-1: Grounds into double play, 6-4-3 (Groundball, 6)
|
Top of the 9th over - 0 run(s), 1 hit(s), 0 error(s), 0 left on base; Bismarck 5 - San Diego 0 |
BOTTOM OF THE 9TH |
San Diego Smashers batting - Pitching for Bismarck Barons : RHP Gene McNeil
|
Batting: LHB Karl Hill
|
0-0: Foul Ball, location: 2F 0-1: Ball 1-1: Foul Ball, location: 2F 1-2: Foul Ball, location: 2F 1-2: Ball 2-2: Ball 3-2: Base on Balls
|
Batting: SHB Chris Woods
|
0-0: Called Strike 0-1: Ball 1-1: Ball 2-1: SINGLE (Flyball, 78S) Karl Hill to second
|
Batting: LHB Francisco Medina
|
0-0: Called Strike 0-1: Foul Ball, location: 2F 0-2: Ball 1-2: DOUBLE (Line Drive, 3D) Karl Hill scores Chris Woods to third
|
Pitching: LHP Rob Lucas
|
|
Batting: RHB John Nelson
|
0-0: Ball 1-0: Foul Ball, location: 2F 1-1: Ball 2-1: Fly out, F3 (Line Drive, 3) 2-1: Lined into DP, 3-6 (Line Drive, 3)
|
Batting: LHB Ramiro Martínez
|
0-0: Fly out, F7 (Flyball, 7LM)
|
Bottom of the 9th over - 1 run(s), 2 hit(s), 0 error(s), 1 left on base; Bismarck 5 - San Diego 1 |
|